 Dungeon Crawl Stone Soup version 0.32-a0-699-g1ee5eff69a (webtiles) character file.

Game seed: 18196357844532383034

947 arcshroob the Changeling (level 7, -7/52 HPs)
             Began as a Demonspawn Shapeshifter on Mar 13, 2024.
             Was a Believer of Beogh.
             Killed from afar by an orc wizard (10 damage)
             ... with a puff of flame
             ... on level 6 of the Dungeon.
             The game lasted 00:11:06 (5268 turns).

arcshroob the Changeling (Demonspawn Shapeshifter)  Turns: 5268, Time: 00:11:08

Health: -7/52      AC:  6    Str: 17    XL:     7   Next: 89%
Magic:  7/7        EV: 11    Int: 14    God:    Beogh [**....]
Gold:   392        SH:  0    Dex: 12    Spells: 6/6 levels left

rFire   . . .        t - +2 dagger (freeze)
rCold   . . .        w - orb {guile}
rNeg    . . .        a - +0 animal skin
rPois   .            (helmet currently unavailable)
rElec   .            (cloak currently unavailable)
rCorr   .            (gloves currently unavailable)
SInv    .            (boots currently unavailable)
Will    .....        (no amulet)
Stlth   +            i - +4 ring of protection
HPRegen 0.28/turn    (no ring)
MPRegen 0.10/turn

%: no passive effects
@: beast-form
A: beast (slay +3), spiny 3, big brain 2, weakness stinger 1
a: Begin Untransformation, Renounce Religion, Smiting


You were on level 6 of the Dungeon.
You worshipped Beogh.
Beogh was pleased with you.
You were a hulking beast.
You visited 1 branch of the dungeon, and saw 6 of its levels.

You collected 392 gold pieces.

Inventory:

Hand Weapons
 t - a +2 dagger of freezing (weapon)
Missiles
 q - 6 poisoned darts (quivered)
Armour
 a - a +0 animal skin (worn)
 w - an orb of guile (worn)
Jewellery
 i - a +4 ring of protection (left hand)
 s - a +4 ring of protection
Talismans
 c - a beast talisman (active)
 d - a flux talisman
Wands
 n - a wand of paralysis (6)
 u - a wand of iceblast (9)
 y - a wand of light (19)
 z - a wand of flame (16)
Scrolls
 f - 2 scrolls of teleportation
 j - a scroll of brand weapon {unknown}
 k - 6 scrolls of identify
 l - 2 scrolls of revelation {unknown}
 m - 2 scrolls of enchant armour
 p - a scroll of vulnerability {unknown}
 r - a scroll of noise {unknown}
 v - 2 scrolls of fear {unknown}
 x - a scroll of torment {unknown}
 C - a scroll of poison {unknown}
 D - a scroll of immolation {unknown}
Potions
 e - 5 potions of curing
 g - a potion of resistance {unknown}
 h - a potion of haste {unknown}
 o - a potion of heal wounds {unknown}
 A - a potion of attraction {unknown}
 B - a potion of degeneration {unknown}


   Skills:
 - Level 3.0 Fighting
 - Level 3.0 Dodging
 - Level 4.1 Unarmed Combat
 + Level 6.7 Shapeshifting


You had 6 spell levels left.
You didn't know any spells.
Your spell library contained the following spells:

 Spells                   Type           Power      Damage    Failure   Level
 Magic Dart               Conj           0%         1d3       28%         1
 Cigotuvi's Dreadful Rot  Necr/Alch/Air  0%         N/A       41%         2
 Lesser Beckoning         Tloc           0%         N/A       41%         2
 Searing Ray              Conj           0%         2d4       41%         2
 Gell's Gravitas          Tloc           0%         N/A       65%         3
 Teleport Other           Tloc           0%         N/A       65%         3
 Dispel Undead            Necr           0%         3d6       96%         4
 Fulminant Prism          Conj/Alch      0%         3d5       96%         4
 Martyr's Knell           Necr/Summ      0%         N/A       96%         4


Dungeon Overview and Level Annotations

Branches:
Dungeon (6/15)
 Temple: D:4-7

Altars:
Hepliaklqana
Makhleb
Nemelex Xobeh


Innate Abilities, Weirdness & Mutations

You are a hulking beast.
Your limbs bulge with bestial killing power. (Slay +3)
Your facial features are unmistakably orcish.
You are completely covered in sharp spines.
You have an extremely huge brain. (Int +4)
You have a small tail.


Message History

Something hits you but does no damage.
You hit the orc but do no damage.
The orc is almost dead.
The scorpion stings you but does no damage.
The orc hits you but does no damage.
The orc priest hits you but does no damage.
Something hits you but does no damage.
The scorpion stings you but does no damage.
You hit the orc but do no damage.
The orc is almost dead.
The scorpion stings you. The orc hits you but does no damage.
The orc priest hits you but does no damage.
Something completely misses you.
Unknown command.
Okay, then.
You hit the orc but do no damage.
The orc is almost dead.
The scorpion stings you but does no damage.
The orc hits you but does no damage.
The orc priest hits you but does no damage.
Something hits you but does no damage.
You hit the orc but do no damage.
The orc is almost dead.
You feel less wooden.
Your +0 animal skin unmelds from your body.
You turn into a hulking beast.
The scorpion is struck by your spines.
You kill the scorpion!
Beogh accepts your kill. The orc is struck by your spines.
You kill the orc!
Beogh accepts your kill.
You can now smite your foes.
Your orcish features manifest fully.
The orc priest calls down the wrath of Beogh upon you.
Beogh smites you!
* * * LOW HITPOINT WARNING * * *
You hear some strange, mumbled words.
A puff of flame appears from out of thin air!
The puff of flame hits you!
You die...
Beogh appreciates something's killing of a heretic priest.

.............
#............
#............
##............
...........
....... #†o{#
##.h)# #....#
#....#
#...#....#
#...#....#
+...#....#
#...#....#
#...#....# .
#...##...#
##### #####


You could see an orc priest.

Vanquished Creatures
  Sigmund (D:5)
  An ogre (D:4)
  2 phantoms (D:5)
  3 scorpions
  A howler monkey (D:6)
  A hound (D:6)
  A jelly (D:4)
  An orc priest (D:5)
  A gnoll bouda (D:4)
  An iguana (D:6)
  Ijyb (D:5)
  6 adders
  6 gnolls (D:4)
  A white imp (D:5)
  2 ufetubi (D:5)
  4 dart slugs
  A ribbon worm (D:2)
  7 orcs
  8 endoplasms
  5 giant cockroaches
  9 goblins
  6 hobgoblins
  3 jackals (D:4)
  3 quokkas
  7 ball pythons
  3 bats
  3 frilled lizards
  10 kobolds
  7 rats
105 creatures vanquished.

Notes
Turn   | Place    | Note
-------+----------+-------------------------------------------
     0 | D:1      | arcshroob the Demonspawn Shapeshifter began the quest for
                  | the Orb.
     0 | D:1      | Reached XP level 1. HP: 15/15 MP: 1/1
   205 | D:1      | Gained mutation: You are partially covered in sharp spines.
                  | [demonic ancestry]
   205 | D:1      | Reached XP level 2. HP: 20/21 MP: 2/2
   781 | D:2      | Gained mutation: You have an unusually large brain. (Int
                  | +2) [demonic ancestry]
   781 | D:2      | Reached XP level 3. HP: 20/27 MP: 3/3
  1651 | D:3      | Gained mutation: You are mostly covered in sharp spines.
                  | [demonic ancestry]
  1651 | D:3      | Reached XP level 4. HP: 31/35 MP: 4/4
  1809 | D:3      | Became a worshipper of Beogh the Shepherd
  2665 | D:4      | Noticed a scorpion
  2681 | D:4      | Killed a scorpion
  2682 | D:4      | Gained mutation: You are completely covered in sharp
                  | spines. [demonic ancestry]
  2682 | D:4      | Reached XP level 5. HP: 31/41 MP: 5/5
  3098 | D:4      | Reached skill level 3 in Shapeshifting
  3258 | D:4      | Gained mutation: You have a small tail. [demonic ancestry]
  3258 | D:4      | Reached XP level 6. HP: 29/47 MP: 6/6
  3463 | D:4      | Reached * piety under Beogh
  3464 | D:4      | Reached skill level 4 in Shapeshifting
  3654 | D:4      | Found a hazy altar of Hepliaklqana.
  4204 | D:5      | Entered Level 5 of the Dungeon
  4293 | D:5      | Reached skill level 5 in Shapeshifting
  4293 | D:5      | Gained mutation: You have an extremely huge brain. (Int +4)
                  | [demonic ancestry]
  4293 | D:5      | Reached XP level 7. HP: 52/52 MP: 7/7
  4432 | D:5      | Noticed Ijyb
  4543 | D:5      | Killed Ijyb
  4543 | D:5      | Reached ** piety under Beogh
  4616 | D:5      | Noticed Sigmund
  4651 | D:5      | Killed Sigmund
  4652 | D:5      | Reached skill level 6 in Shapeshifting
  4737 | D:5      | Found a sparkling altar of Nemelex Xobeh.
  4763 | D:5      | Found the +0 toga "Victory" {*Victory Clar}
  4841 | D:5      | Found a burning altar of Makhleb.
  5268 | D:6      | Killed from afar by an orc wizard

Illustrated notes

Levels and vault maps discovered:
D:1:      minmay_arrival_solitary_statue, layout_basic
D:2:      layout_basic, minmay_pentomino_v2
D:3:      layout_basic, minmay_strange_pillars, hex_tiny
D:4:      layout_basic, nicolae_hepliaklqana_hippocampus
D:5:      layout_gridville, amcnicky_altar_gilded, bloody_makhleb,
          mainiacjoe_overflow_alcove_1, minmay_misc_feat_room, uniq_ijyb,
          uniq_sigmund
D:6:      layout_gridville, minmay_temple_entry_water_ring

Skill      XL: |  1  2  3  4  5  6  7 |
---------------+----------------------+-----
Dodging        | 2 3 |  3.0
Fighting       | 3 |  3.0
Unarmed Combat | 3 4 |  4.1
Shapeshifting  | 3 5 6 |  6.7

Action                     |  1- 3 |  4- 6 |  7- 9 || total
---------------------------+-------+-------+-------++-------
  Melee: Unarmed           |    93 |    17 |       ||   110
         Punch             |     2 |       |       ||     2
         Dagger            |       |    68 |    73 ||   141
         Tailslap          |       |     4 |     3 ||     7
  Throw: Dart              |       |       |     1 ||     1
 Invoke: Convert to Beogh  |       |     1 |       ||     1
    Use: Potion            |       |       |     3 ||     3
         Scroll            |       |       |     2 ||     2
   Stab: Sleeping          |       |     2 |       ||     2
 Armour: Animal skin       |    49 |    38 |    21 ||   108
         Skin              |       |       |   124 ||   124
  Dodge: Dodged            |    49 |    42 |    29 ||   120

Table legend: (Time is in decaauts)
 A = Elapsed time spent in this place.
 B = Non-inter-level travel time spent in this place.
 C = Inter-level travel time spent in this place.
 D = Time resting spent in this place.
 E = Time spent auto-exploring this place.
 F = Levels seen in this place.
 G = Mean time per level.
                   A        B        C        D        E       F      G
               +--------+--------+--------+--------+--------+-----+--------+
         Total |   5262 |   5150 |    112 |     18 |   4106 |   6 |  877.0 |
       Dungeon |   5262 |   5150 |    112 |     18 |   4106 |   6 |  877.0 |
               +--------+--------+--------+--------+--------+-----+--------+

Top non-repeatable levels by time:
     D:4: 1579 daAuts
     D:3: 1035 daAuts
     D:5: 907 daAuts
     D:2: 828 daAuts
     D:1: 754 daAuts
     D:6: 157 daAuts
